 Dungeon Crawl Stone Soup version 0.31.0-11-ge490571c62 (webtiles) character file.

Game seed: 13240820328272315320

4784 Maffolandro the Merchant of Misery (level 10, 0/80 HPs)
             Began as a Human Wanderer on Jan 28, 2024.
             Was a Believer of Kikubaaqudgha.
             Slain by a dream sheep (1 damage)
             ... on level 9 of the Dungeon.
             The game lasted 00:55:00 (12101 turns).

Maffolandro the Merchant of Misery (HuWn)          Turns: 12101, Time: 00:55:00

Health: 0/80       AC:  5    Str: 10    XL:     10   Next: 47%
Magic:  11/16      EV: 14    Int: 17    God:    Kikubaaqudgha [**....]
Gold:   465        SH:  0    Dex: 21    Spells: 4/17 levels left

rFire   . . .        b - +1 spear (venom)
rCold   . . .        (no shield)
rNeg    . . .        c - +0 robe
rPois   .            d - +0 helmet
rElec   .            (no cloak)
rCorr   .            M - +1 pair of gloves
SInv    .            (no boots)
Will    .....        T - amulet of regeneration
Stlth   ++           B - +6 ring of dexterity
HPRegen 1.13/turn    (no ring)
MPRegen 0.15/turn

%: no passive effects
@: weakened, animating dead
A: explore regen
a: Renounce Religion, Unearth Wretches


You were on level 9 of the Dungeon.
You worshipped Kikubaaqudgha.
Kikubaaqudgha was pleased with you.
You visited 2 branches of the dungeon, and saw 11 of its levels.

You collected 465 gold pieces.

Inventory:

Hand Weapons
 a - the +4 dagger of Odaosop {freeze, Str+8}
   (You found it on level 3 of the Dungeon)

   Str+8:     It affects your strength (+8).
 b - a +1 spear of venom (weapon)
 N - a +0 orcbow
 O - a +2 trident of draining
Missiles
 q - 4 boomerangs (quivered)
 r - 45 poisoned darts
 v - a curare-tipped dart
Armour
 c - a +0 robe (worn)
 d - a +0 helmet (worn)
 M - a +1 pair of gloves (worn)
 P - an orb of mayhem
Magical Staves
 w - a staff of conjuration
 I - a staff of cold
Jewellery
 f - an amulet of guardian spirit
 B - a +6 ring of dexterity (left hand)
 T - an amulet of regeneration (around neck)
Talismans
 F - a maw talisman
 R - a serpent talisman
Wands
 D - a wand of flame (10)
 J - a wand of quicksilver (8)
Scrolls
 h - a scroll of silence {unknown}
 i - 6 scrolls of teleportation {unknown}
 j - 5 scrolls of immolation {unknown}
 m - 2 scrolls of fog {unknown}
 o - a scroll of noise {unknown}
 p - a scroll of summoning
 s - a scroll of poison
 u - 3 scrolls of enchant weapon {unknown}
 x - a scroll of brand weapon
 y - 3 scrolls of revelation {unknown}
 E - a scroll of amnesia
 H - 2 scrolls of fear
 S - a scroll of enchant armour
Potions
 e - a potion of brilliance
 k - 2 potions of enlightenment {unknown}
 l - 2 potions of attraction {unknown}
 n - 4 potions of lignification {unknown}
 t - 5 potions of curing {unknown}
 A - 2 potions of might {unknown}
 C - a potion of degeneration
 G - 2 potions of heal wounds {unknown}
 K - a potion of magic
 L - a potion of invisibility
 Q - a potion of resistance
 U - a potion of cancellation


   Skills:
 + Level 8.2 Fighting
 * Level 4.9 Polearms
 - Level 1.0 Armour
 - Level 4.0 Dodging
 - Level 4.0 Spellcasting
 - Level 3.0 Conjurations
 + Level 10.4 Necromancy


You had 4 spell levels left.
You knew the following spells:

 Your Spells              Type           Power      Damage    Failure   Level
a - Necrotise             Necr           100%       1d9       1%          1
b - Vampiric Draining     Necr           38%        2d8       1%          3
c - Animate Dead          Necr           38%        N/A       2%          4
d - Curse of Agony        Necr           38%        N/A       6%          5

Your spell library contained the following spells:

 Spells                   Type           Power      Damage    Failure   Level
 Sublimation of Blood     Necr           38%        N/A       1%          2
 Magic Dart               Conj           52%        1d5       4%          1
 Searing Ray              Conj           26%        2d5       7%          2
 Shock                    Conj/Air       32%        1d5       9%          1
 Sting                    Conj/Alch      32%        1d5       9%          1
 Apportation              Tloc           6%         N/A       16%         1
 Summon Small Mammal      Summ           12%        N/A       16%         1
 Anguish                  Hex/Necr       10%        N/A       19%         4
 Martyr's Knell           Necr/Summ      21%        N/A       19%         4
 Dazzling Flash           Conj/Hex       16%        N/A       26%         3
 Mephitic Cloud           Conj/Alch/Air  6%         N/A       30%         3
 Call Canine Familiar     Summ           3%         N/A       43%         3
 Gell's Gravitas          Tloc           3%         N/A       43%         3
 Teleport Other           Tloc           3%         N/A       43%         3
 Fulminant Prism          Conj/Alch      4%         3d5       63%         4
 Manifold Assault         Tloc           3%         N/A       83%         4
 Summon Blazeheart Golem  Fire/Summ      3%         N/A       83%         4
 Silence                  Hex/Air        1%         N/A       99%         5
 Dispersal                Tloc           1%         N/A       100%        6
 Malign Gateway           Summ/Tloc      1%         N/A       100%        7
 Disjunction              Tloc           1%         N/A       100%        8
 Summon Horrible Things   Summ           1%         N/A       100%        8


Dungeon Overview and Level Annotations

Branches:
Dungeon (10/15)            Temple (1/1) D:5             Orc (0/2) D:9
   Lair: D:8-11

Altars:
Ashenzari
Cheibriados
Dithmenos
Elyvilon
Fedhas
Gozag
Hepliaklqana
Kikubaaqudgha
Makhleb
Nemelex Xobeh
Okawaru
Qazlal
Sif Muna
Trog
Uskayaw
Vehumet
Wu Jian
Xom
Yredelemnul
Zin
The Shining One

Shops:
D:6 *

Annotations:
D:8 exclusion: wight


Innate Abilities, Weirdness & Mutations

You regain HP and MP as you explore.


Message History

In your confused state, you trip and fall back down the stairs.
The orc hits you but does no damage. The dream sheep completely misses you.
The dream sheep misses you.
The dream sheep headbutts you but does no damage.
Unknown command.
Unknown command.
You feel less confused. The orc misses you.
The dream sheep shake their wool and sparkle.
You feel drowsy...
You fall asleep.
You stop ascending the stairs.
The dream sheep headbutts you but does no damage.
The dream sheep headbutts you!!
You wake up.
* * * LOW HITPOINT WARNING * * *
The dream sheep closely misses you.
Unknown command.
Unknown command.
The gnoll bouda gazes fiercely through you!
You feel your attacks grow feeble. The orc barely misses you.
The dream sheep headbutts you!
* * * LOW HITPOINT WARNING * * *
The dream sheep misses you. The dream sheep completely misses you.
The dream sheep barely misses you.
You climb upwards.
Reactivating autopickup.
There is a stone staircase leading down here.
Unknown command.
Casting: Animate Dead (dangerous; 2% risk of failure)
Confirm with . or Enter, or press ? or * to list all spells.
Aiming: Vampiric Draining (safe; 1% risk of failure)
Press: ? - help, Shift-Dir - straight line, f - dream sheep
Aim: a dream sheep You draw life force from the dream sheep.
You feel life coursing into your body. The dream sheep headbutts you!
* * * LOW HITPOINT WARNING * * *
The dream sheep misses you. The dream sheep headbutts you.
* * * LOW HITPOINT WARNING * * *
The dream sheep headbutts you.
You die...
Kikubaaqudgha rasps: "You have failed me!
Welcome... death!"

#..##........# #.≈####≈.#
#######...........#
#.≈≈##≈≈.#
#...###.≈≈≈≈≈≈...##
#.≈≈≈≈≈≈.# ##.>..#.≈≈##≈≈.###
#....ZZZ.## ##.....≈####≈.#
########..# #.....≈####≈.#
#..## # ##....≈≈##≈≈.# ##...
##
##..)≈≈≈≈≈≈o#############....
.##
##.........@Y.>..........###
.>##
##.......YYY............#
...##
##.)...##############..#
....## ##...## #..# .....#
##..## ##.# .....## #..## #.#
......###))# #.##
...........# #..#
....≈≈≈≈≈≈.# #..#


You could see 4 dream sheep and an orc.

Vanquished Creatures
  Pikel (D:3)
  Jeremiah (D:7)
  A dream sheep (D:9)
  Sigmund (D:3)
  Eustachio (D:4)
  An acid dragon (D:9)
  Duvessa (D:5)
  2 black bears
  5 orc warriors (D:9)
  2 ice beasts (D:5)
  A sky beast (D:7)
  An ogre (D:7)
  2 centaurs
  A phantom (D:5)
  3 kobold brigands
  6 bullfrogs
  A scorpion (D:5)
  3 wights
  Dowan (D:5)
  5 electric eels (D:9)
  A bombardier beetle (D:4)
  A jelly (D:7)
  A gnoll bouda (D:5)
  4 hounds
  9 orc priests
  A sleepcap (D:5)
  Jessica (D:3)
  Ijyb (D:4)
  10 orc wizards
  3 gnolls (D:5)
  3 adders
  3 white imps
  2 ufetubi (D:6)
  4 dart slugs
  67 orcs
  4 bats
  6 endoplasms
  5 giant cockroaches
  4 goblins
  8 hobgoblins
  3 quokkas
  7 ball pythons
  A frilled lizard (D:1)
  19 kobolds
  An orc zombie (D:9)
  7 rats
216 creatures vanquished.

Vanquished Creatures (collateral kills)
  An orc wizard (D:6)
  An adder (D:3)
  3 orcs (D:9)
  A kobold (D:3)
6 creatures vanquished.

Vanquished Creatures (others)
  A bullfrog zombie (D:8)
  An orc wizard (D:7)
  3 kobold zombies
  21 orc zombies
26 creatures vanquished.

Grand Total: 248 creatures vanquished

Notes
Turn   | Place    | Note
-------+----------+-------------------------------------------
     0 | D:1      | Maffolandro the Human Wanderer began the quest for the Orb.
     0 | D:1      | Maffolandro set off with the following items: a +0 dagger,
                  | a scroll of fear, a +0 robe, a +0 helmet; and the following
                  | spells available to memorise: Necrotise, Shock, Vampiric
                  | Draining, Dazzling Flash, Anguish.
     0 | D:1      | Reached XP level 1. HP: 15/15 MP: 2/2
     2 | D:1      | Learned a level 1 spell: Necrotise
   236 | D:1      | Reached XP level 2. HP: 21/21 MP: 0/3
   853 | D:1      | Reached skill level 3 in Necromancy
   853 | D:1      | Reached XP level 3. HP: 26/26 MP: 1/5
   857 | D:1      | Learned a level 3 spell: Vampiric Draining
  1892 | D:2      | Found a hide-covered altar of Uskayaw.
  2350 | D:3      | Reached XP level 4. HP: 32/32 MP: 2/7
  2498 | D:3      | Reached skill level 4 in Necromancy
  2844 | D:3      | Reached XP level 5. HP: 37/37 MP: 0/8
  3130 | D:3      | Noticed Jessica
  3135 | D:3      | Killed Jessica
  3136 | D:3      | Reached skill level 5 in Necromancy
  3273 | D:3      | Identified the +4 dagger of Odaosop {freeze, Str+8}
  3290 | D:3      | Noticed Sigmund
  3299 | D:3      | Killed Sigmund
  3300 | D:3      | Reached XP level 6. HP: 37/44 MP: 1/9
  3684 | D:4      | Noticed Eustachio
  3825 | D:4      | Noticed Pikel
  3939 | D:3      | Killed Pikel
  3940 | D:3      | Reached skill level 6 in Necromancy
  3940 | D:3      | Reached XP level 7. HP: 10/55 MP: 0/10
  4285 | D:4      | Reached XP level 8. HP: 22/61 MP: 6/11
  4750 | D:4      | Noticed Ijyb
  4756 | D:4      | Killed Ijyb
  4757 | D:4      | Reached skill level 5 in Fighting
  5625 | D:4      | Killed Eustachio
  5728 | D:4      | Reached skill level 7 in Necromancy
  5963 | D:4      | Found a glowing silver altar of Zin.
  6002 | D:5      | Entered Level 5 of the Dungeon
  6002 | D:5      | Found a staircase to the Ecumenical Temple.
  6016 | Temple   | Entered the Ecumenical Temple
  6030 | Temple   | Became a worshipper of Kikubaaqudgha
  6450 | D:5      | Learned a level 5 spell: Curse of Agony
  6569 | D:5      | Reached skill level 8 in Necromancy
  6695 | D:5      | Noticed Duvessa
  6695 | D:5      | Noticed Dowan
  6727 | D:5      | Killed Duvessa
  6738 | D:5      | Killed Dowan
  6739 | D:5      | Reached XP level 9. HP: 24/70 MP: 1/12
  8205 | D:6      | Found Atsenn's General Store.
  8658 | D:6      | Reached skill level 9 in Necromancy
  8847 | D:7      | Noticed Jeremiah
  8889 | D:7      | Killed Jeremiah
  8934 | D:7      | Reached * piety under Kikubaaqudgha
  8934 | D:7      | Received a gift from Kikubaaqudgha
  8951 | D:6      | Learned a level 4 spell: Animate Dead
  9831 | D:8      | Reached skill level 1 in Polearms
 10223 | D:8      | Reached XP level 10. HP: 66/78 MP: 14/16
 10369 | D:8      | Reached skill level 10 in Necromancy
 10598 | D:9      | Reached ** piety under Kikubaaqudgha
 10735 | D:9      | Found an ornate altar of the Wu Jian Council.
 11042 | D:9      | Found a staircase to the Orcish Mines.
 11915 | D:10     | Entered Level 10 of the Dungeon
 12101 | D:9      | HP: 1/80 [dream sheep (4)]
 12101 | D:9      | Slain by a dream sheep

Illustrated notes

Levels and vault maps discovered:
D:1:      dpeg_arrival_pits, layout_basic, minmay_pentomino_p2
D:2:      layout_basic, basic_altar, kennysheep_doodads,
          minmay_misc_feat_ornament
D:3:      layout_loops_ring, nicolae_underground_beach, uniq_sigmund,
          uniq_jessica
D:4:      layout_basic, marbit_many_paths, uniq_eustachio, uniq_pikel, uniq_ijyb
D:5:      layout_loops_corners, minmay_temple_entry_trees,
          minmay_misc_feat_enclosed, uniq_duvessa
D:6:      layout_rooms, serial_shops, kennysheep_little_box
D:7:      layout_rooms, uniq_crazy_yiuf_cottage, uniq_jeremiah
D:8:      layout_basic
D:9:      nicolae_moon_pools, layout_cave_pods, old_standard_altar, david_orc_5
D:10:     layout_rooms, hangedman_ru_absence, dreamdust_gnoll_shepherd
Temple:   nicolae_temple_bog_church

Skill      XL: |  1  2  3  4  5  6  7  8  9 10 |
---------------+-------------------------------+-----
Necromancy     | 3 4 5 6 8 9 10 | 10.4
Spellcasting   | 2 4 |  4.0
Fighting       | 2 4 6 7 8 |  8.2
Dodging        | 4 |  4.0
Polearms       | 2 4 |  4.9
Armour         | |  1.0
Conjurations   | |  3.0

Action                     |  1- 3 |  4- 6 |  7- 9 | 10-12 || total
---------------------------+-------+-------+-------+-------++-------
  Melee: Dagger            |    29 |    20 |    88 |    11 ||   148
         Punch             |       |     1 |     8 |     4 ||    13
         Spear             |       |       |   206 |   179 ||   385
   Cast: Necrotise         |    82 |    69 |   145 |     3 ||   299
         Vampiric Draining |       |     2 |    16 |     1 ||    19
         Animate Dead      |       |       |     5 |    10 ||    15
  Evoke: Wand              |       |       |       |     5 ||     5
    Use: Scroll            |       |       |       |    11 ||    11
   Stab: Sleeping          |     2 |       |     1 |       ||     3
         Distracted        |       |       |     2 |     1 ||     3
 Armour: Robe              |    32 |    28 |   211 |   147 ||   418
  Dodge: Dodged            |    39 |    24 |   228 |   149 ||   440
